 Dungeon Crawl Stone Soup version 0.31-a0-210-gccc998df9b (webtiles) character file.

Game seed: 13239761568372914139

585 funkygono the Chopper (level 7, -1/61 HPs)
             Began as a Minotaur Fighter on June 29, 2023.
             Slain by an unseen horror (8 damage)
             ... on level 5 of the Dungeon.
             The game lasted 00:04:35 (3387 turns).

funkygono the Chopper (Minotaur Fighter)            Turns: 3387, Time: 00:04:36

Health: -1/61      AC:  7    Str: 23    XL:     7   Next: 14%
Magic:  6/6        EV: 10    Int:  5    God:
Gold:   218        SH:  4    Dex:  9    Spells: 6/6 levels left

rFire   . . .        a - +0 war axe
rCold   . . .        c - +0 buckler
rNeg    . . .        b - +0 scale mail
rPois   .            (helmet restricted)
rElec   .            (no cloak)
rCorr   .            (no gloves)
SInv    .            (no boots)
Will    .....        j - amulet of regeneration Stlth
                     (no ring)
HPRegen 1.10/turn    (no ring)
MPRegen 0.10/turn

%: no passive effects
@: no status effects
A: horns 2, retaliatory headbutt
a: no special abilities


You were on level 5 of the Dungeon.
You visited 1 branch of the dungeon, and saw 5 of its levels.

You collected 218 gold pieces.

Inventory:

Hand Weapons
 a - a +0 war axe (weapon)
Missiles
 l - 21 poisoned darts
 m - 13 stones (quivered)
Armour
 b - a +0 scale mail (worn)
 c - a +0 buckler (worn)
Jewellery
 j - an amulet of regeneration (around neck)
 p - an amulet of faith
Wands
 r - a wand of acid (11)
Scrolls
 e - 2 scrolls of teleportation {unknown}
 f - 5 scrolls of identify {unknown}
 g - 2 scrolls of fear {unknown}
 i - a scroll of acquirement {unknown}
 k - a scroll of vulnerability {unknown}
 n - a scroll of revelation {unknown}
 u - 2 scrolls of amnesia {unknown}
 w - a scroll of torment {unknown}
Potions
 d - a potion of might
 h - a potion of degeneration {unknown}
 o - a potion of lignification {unknown}
 q - 2 potions of attraction {unknown}
 s - 2 potions of curing
 t - a potion of brilliance {unknown}
 v - a potion of heal wounds {unknown}


   Skills:
 + Level 5.0 Fighting
 + Level 6.4 Axes
 + Level 6.1 Armour
 + Level 2.0 Dodging
 + Level 4.1 Shields


You had 6 spell levels left.
You didn't know any spells.
Your spell library contained the following spells:

 Spells                   Type           Power      Damage    Failure   Level
 Kiss of Death            Conj/Necr      0%         2d5       83%         1
 Confusing Touch          Hex            0%         N/A       99%         3
 Dispel Undead            Necr           0%         3d6       100%        4


Dungeon Overview and Level Annotations

Branches:
Dungeon (5/15)
 Temple: D:4-7

Altars:
Elyvilon
Fedhas
Gozag
Makhleb
Qazlal
Wu Jian
Xom
Zin
The Shining One

Shops:
D:1 ?


Innate Abilities, Weirdness & Mutations

You have a pair of horns on your head.
You reflexively headbutt those who attack you in melee.


Message History

Something hits you but does no damage.
Deactivating autopickup; reactivate with Ctrl-A.
The white imp gestures at you. The puff of frost hits you!
Something hits you but does no damage. Something hits you! Something hits you.
You block the white imp's attack.
You completely miss the white imp. Your headbutt misses the white imp.
You barely miss something. You block something's attack.
The white imp hits you. The white imp freezes you.
You barely miss the white imp. You hit something. Something hits you!
The white imp lashes its tail.
The white imp barely misses you.
The white imp hits you but does no damage.
You barely miss the white imp. You closely miss something.
Something hits you but does no damage.
The white imp hits you but does no damage.
You closely miss the white imp. Something hits you.
The white imp hits you but does no damage.
You slice the white imp!!
You kill the white imp!
Something hits you! Something hits you. Something hits you!
* * * LOW HITPOINT WARNING * * *
Something hits you!
* * * LOW HITPOINT WARNING * * *
Something hits you but does no damage. Something hits you but does no damage.
Something hits you!
* * * LOW HITPOINT WARNING * * *
You see here 4 gold pieces.
Something hits you but does no damage. Something hits you.
* * * LOW HITPOINT WARNING * * *
It was a potion of curing.
You feel better. You block something's attack. Something hits you!
* * * LOW HITPOINT WARNING * * *
You see here 4 gold pieces.
You completely miss something. Your headbutt misses something.
Something hits you!
You die...

.... #...# #...#
#...# #...#.......
####...#.......
#......#..$...# ..
#....).#......# .
#.@....#......# .
#......#......# .
#......#......# ##
#.....#...?...####.
#.....#..........#.
#.....#.........<..
#.....#####......##
#.....# #......##
#.....# #########


There were no monsters in sight!

Vanquished Creatures
  An ogre (D:4)
  A gnoll sergeant (D:4)
  2 scorpions
  A mummy (D:4)
  11 gnolls
  6 adders
  A white imp (D:5)
  An ufetubus (D:4)
  2 worms (D:2)
  3 dart slugs (D:1)
  11 orcs
  9 ball pythons
  7 endoplasms
  4 giant cockroaches
  9 goblins
  6 hobgoblins
  16 jackals
  8 kobolds
  4 quokkas
  5 bats
  4 frilled lizards
  2 hobgoblin zombies (D:4)
  A kobold zombie (D:4)
  An orc zombie (D:4)
  5 rats
121 creatures vanquished.

Notes
Turn   | Place    | Note
-------+----------+-------------------------------------------
     0 | D:1      | funkygono the Minotaur Fighter began the quest for the Orb.
     0 | D:1      | Reached XP level 1. HP: 19/19 MP: 0/0
    51 | D:1      | Reached XP level 2. HP: 24/27 MP: 1/1
   170 | D:1      | Found Miyluj's Magic Scroll Shoppe.
   238 | D:1      | Reached XP level 3. HP: 31/33 MP: 2/2
   930 | D:2      | Reached XP level 4. HP: 39/40 MP: 3/3
  1125 | D:2      | Reached skill level 1 in Dodging
  1410 | D:2      | Found an opulent altar of Gozag.
  1813 | D:3      | Reached XP level 5. HP: 45/46 MP: 4/4
  1869 | D:3      | Reached skill level 5 in Armour
  1903 | D:3      | Found a blossoming altar of Fedhas.
  2425 | D:4      | Reached skill level 5 in Axes
  2687 | D:4      | Reached XP level 6. HP: 51/52 MP: 5/5
  2845 | D:4      | Found a white marble altar of Elyvilon.
  2857 | D:4      | Found a glowing silver altar of Zin.
  2882 | D:4      | Found a glowing golden altar of the Shining One.
  2966 | D:4      | Found a stormy altar of Qazlal.
  3010 | D:4      | Found a shimmering altar of Xom.
  3013 | D:4      | Found a burning altar of Makhleb.
  3013 | D:4      | Found an ornate altar of the Wu Jian Council.
  3249 | D:4      | Reached XP level 7. HP: 25/60 MP: 6/6
  3307 | D:5      | Entered Level 5 of the Dungeon
  3322 | D:5      | Reached skill level 5 in Fighting
  3384 | D:5      | HP: 3/61 [something (3)]
  3387 | D:5      | Slain by an unseen horror

Illustrated notes

Levels and vault maps discovered:
D:1:      ebering_hopf_link, layout_basic, serial_shops, nicolae_lakefront_shop
D:2:      layout_basic, basic_altar, nrook_uturn, kennysheep_decorative_pillar
D:3:      layout_rooms, mainiacjoe_overflow_cross_hatched
D:4:      layout_basic, good_gods_temple_1,
          chequers_temple_overflow_statue_of_worship, general_overflow_altar,
          minmay_mini_ossuary
D:5:      nicolae_cairo_tiling, layout_basic, portal_sewer_entry_a

Skill      XL: |  1  2  3  4  5  6  7 |
---------------+----------------------+-----
Armour         | 4 5 6 |  6.1
Axes           | 3 4 5 6 |  6.4
Fighting       | 4 5 |  5.0
Dodging        | 1 2 |  2.0
Shields        | 4 |  4.1

Action                     |  1- 3 |  4- 6 |  7- 9 || total
---------------------------+-------+-------+-------++-------
  Melee: War axe           |    86 |   170 |    17 ||   273
         Headbutt          |    13 |    15 |     1 ||    29
    Use: Potion            |       |       |     1 ||     1
 Armour: Scale mail        |    41 |    68 |    10 ||   119
  Dodge: Dodged            |    49 |    85 |    10 ||   144
  Block: Buckler           |    16 |    30 |     4 ||    50

Table legend: (Time is in decaauts)
 A = Elapsed time spent in this place.
 B = Non-inter-level travel time spent in this place.
 C = Inter-level travel time spent in this place.
 D = Time resting spent in this place.
 E = Time spent auto-exploring this place.
 F = Levels seen in this place.
 G = Mean time per level.
                   A        B        C        D        E       F      G
               +--------+--------+--------+--------+--------+-----+--------+
         Total |   3476 |   3202 |    274 |     33 |   2420 |   5 |  695.2 |
       Dungeon |   3476 |   3202 |    274 |     33 |   2420 |   5 |  695.2 |
               +--------+--------+--------+--------+--------+-----+--------+

Top non-repeatable levels by time:
     D:1: 979 daAuts
     D:4: 931 daAuts
     D:2: 878 daAuts
     D:3: 602 daAuts
     D:5: 83 daAuts
